 Dungeon Crawl Stone Soup version 0.31-a0-1589-g8f5e8aebd6 (webtiles) character file.

Game seed: 2030320841283421819

21 Sabo the Ducker (level 2, 29/29 HPs)
             Began as a Gnoll Monk on Jan 5, 2024.
             Was a Believer of Okawaru.
             Got out of the dungeon alive.
             The game lasted 00:03:15 (727 turns).

Sabo the Ducker (Gnoll Monk)                         Turns: 727, Time: 00:03:15

Health: 29/29      AC:  5    Str: 10    XL:     2   Next: 83%
Magic:  2/2        EV: 12    Int:  9    God:    Okawaru [**....]
Gold:   10         SH:  0    Dex: 14    Spells: 2/2 levels left

rFire   . . .        a - +0 hand axe
rCold   . . .        d - orb {light}
rNeg    . . .        e - +0 ring mail
rPois   .            (no helmet)
rElec   .            (no cloak)
rCorr   .            (no gloves)
SInv    .            (no boots)
Will    .....        (no amulet)
Stlth   +            (no ring)
HPRegen 0.24/turn    (no ring)
MPRegen 0.08/turn

%: no passive effects
@: glowing
A: fangs 1, strong nose, distributed training
a: Renounce Religion, Heroism


You escaped.
You worshipped Okawaru.
Okawaru was pleased with you.
You visited 1 branch of the dungeon, and saw 1 of its levels.

You collected 10 gold pieces.

Inventory:

Hand Weapons
 a - a +0 hand axe (weapon)
Missiles
 b - 5 poisoned darts
Armour
 d - an orb of light (worn)
 e - a +0 ring mail (worn)
Talismans
 g - a beast talisman
Scrolls
 h - a scroll of teleportation {unknown}
 i - a scroll of enchant weapon {unknown}
 j - a scroll of identify {unknown}
Potions
 c - a potion of ambrosia
 f - a potion of enlightenment {unknown}


   Skills:
 + Level 6.5 Fighting
 + Level 0.5 Short Blades
 + Level 0.5 Long Blades
 + Level 6.5 Axes
 + Level 0.5 Maces & Flails
 + Level 0.5 Polearms
 + Level 0.5 Staves
 + Level 0.5 Ranged Weapons
 + Level 0.5 Throwing
 + Level 0.5 Armour
 + Level 6.5 Dodging
 + Level 0.5 Stealth
 + Level 0.5 Shields
 + Level 0.5 Unarmed Combat
 + Level 0.5 Spellcasting
 + Level 0.4 Conjurations
 + Level 0.4 Hexes
 + Level 0.4 Summonings
 + Level 0.4 Necromancy
 + Level 0.4 Translocations
 + Level 0.4 Fire Magic
 + Level 0.4 Ice Magic
 + Level 0.4 Air Magic
 + Level 0.4 Earth Magic
 + Level 0.4 Alchemy
 + Level 0.7 Invocations
 + Level 0.5 Evocations
 + Level 0.5 Shapeshifting


You had 2 spell levels left.
You didn't know any spells.
Your spell library was empty.

Dungeon Overview and Level Annotations

Branches:
Dungeon (1/15)

Altars:
Okawaru


Innate Abilities, Weirdness & Mutations

You have very sharp teeth.
Your uncanny sense of smell can sniff out nearby items.
Your experience applies equally to all skills.


Message History

Things that are here:
a +0 dagger; a goblin corpse
h - a scroll labelled NIMUPEUTOI
i - a scroll labelled HOOBISCH FECE As you open the door, it creaks loudly!
There is an open door here.
There is an open door here.
You open the door.
There is an open door here.
You open the door.
There is an open door here.
There is an open door here.
There is an open door here.
There is an open door here.
Found a leather armour.
You now have 10 gold pieces.
There is a shaft here.
Found a faded altar of an unknown god.
You see here a +0 leather armour.
Found a scroll labelled TOFIG WAEPN.
j - a scroll labelled TOFIG WAEPN
There is a faded altar of an unknown god here.
This altar belongs to (a) Sif Muna, (b) Ashenzari or (c) Okawaru, but you can't tell which.
Press the corresponding letter to learn more about a god, or press enter to convert or escape to cancel.
Okawaru accepts your prayer! Okawaru welcomes you!
You can now gain great but temporary skills.
You see here a +0 leather armour.
There is an open door here.
You see here a quokka skeleton.
There is an open door here.
You open the door.
There is an open door here.
There is a stone staircase leading down here.
You open the door.
There is an open door here.
There is an open door here.
There is a stone staircase leading down here.
There is a large open door here.
There is a staircase leading out of the dungeon here.
You have escaped!

##.............# #.............
#......######## #..###'##.....
#......# #...##.# ##.####
.#......# #.#..#.# .#...
........# #.##.#.# +...
#.......##########......######...
##........................>..'...
#####################....#.###...
....# #8...@..8#....#.# ####
###.########§§.....§#....#.#
#.##.....#§......≈#....#.##
##'##.....#§§.....≈###'##..#
#.........#§..88..≈# #..[..##
##.........#≈......≈# ####...##
.'.........#≈......≈# #.......###
##.........#≈......≈# #.........#
#........##8......8# #.....##...


There were no monsters in sight!

Vanquished Creatures
  An endoplasm (D:1)
  2 goblins (D:1)
  6 hobgoblins (D:1)
  A quokka (D:1)
  5 ball pythons (D:1)
  A bat (D:1)
  A frilled lizard (D:1)
  A rat (D:1)
18 creatures vanquished.

Notes
Turn   | Place    | Note
-------+----------+-------------------------------------------
     0 | D:1      | Sabo the Gnoll Monk began the quest for the Orb.
     0 | D:1      | Reached XP level 1. HP: 23/23 MP: 1/1
   212 | D:1      | Reached XP level 2. HP: 29/29 MP: 2/2
   506 | D:1      | Found a faded altar of an unknown god.
   528 | D:1      | Prayed at the altar of an unknown god.
   528 | D:1      | Became a worshipper of Warmaster Okawaru
   528 | D:1      | Reached * piety under Okawaru
   528 | D:1      | Reached ** piety under Okawaru
   727 | D:$      | Got out of the dungeon alive.

Illustrated notes

Levels and vault maps discovered:
D:1:      lightli_arrival_noodles, layout_basic,
          nicolae_ecumenical_snake_handling

Action                     || total
---------------------------++-------
  Melee: Hand axe          ||    35
         Bite              ||     7
 Armour: Ring mail         ||    18
  Dodge: Dodged            ||    27

Table legend: (Time is in decaauts)
 A = Elapsed time spent in this place.
 B = Non-inter-level travel time spent in this place.
 C = Inter-level travel time spent in this place.
 D = Time resting spent in this place.
 E = Time spent auto-exploring this place.
 F = Levels seen in this place.
 G = Mean time per level.
                   A        B        C        D        E       F      G
               +--------+--------+--------+--------+--------+-----+--------+
         Total |    726 |    726 |      0 |      9 |      0 |   1 |  726.0 |
       Dungeon |    726 |    726 |      0 |      9 |      0 |   1 |  726.0 |
               +--------+--------+--------+--------+--------+-----+--------+

Top non-repeatable levels by time:
     D:1: 726 daAuts
